Unix NetHack Version 3.7.0-97 Work-in-progress - last build Jan 20 2024 17:37:35 (157cf090cb53e479d994ec1a4552202481ff9585,branch:master). Game began 2024-01-26 13:47:33, ended 2024-01-26 14:00:25. mmj, chaotic female elven Wizard .... ..<. .... .....| ...G.-- ....)... ..a... GG@.. ..f Mmj the Conjurer St:13 Dx:11 Co:16 In:20 Wi:7 Ch:9 Chaotic Dlvl:4 $:49 HP:0(32) Pw:31(47) AC:9 Xp:4/150 T:1143 Latest messages: You kill the gnome! The kitten eats a gnome corpse. You swap places with your kitten. You descend the stairs. The gnome wields a crossbow! You see here a harp. y - a harp. The gnomish wizard casts a spell! The gnomish wizard is suddenly moving faster. What do you want to use or apply? [cl-oxy or ?*] y Improvise? [ynq] (q) y You start playing your harp. The harp produces very attractive music. The gnomish wizard drops a scroll labeled JUYED AWK YACC. You see here a scroll labeled JUYED AWK YACC. z - a scroll labeled JUYED AWK YACC. The gnome shoots 2 crossbow bolts! You are hit by the 1st crossbow bolt! The 2nd crossbow bolt misses you. You hear some noises. What do you want to use or apply? [cl-oxy or ?*] y Improvise? [ynq] (q) y You start playing your harp. The harp produces very attractive music. You hear crashing rock. The gnome suddenly falls asleep! The gnome shoots 2 crossbow bolts! The 1st crossbow bolt misses the gnome. You are hit by the 1st crossbow bolt! The 2nd crossbow bolt hits the gnome. The gnome is killed! The gnome shoots 2 crossbow bolts! You are hit by the 1st crossbow bolt. The 2nd crossbow bolt misses you. The giant ant bites! Are you waiting to get hit? Use 'm' prefix to force a no-op (to rest). You miss the giant ant. The giant ant bites! You miss the giant ant. The giant ant bites! The giant ant bites! You miss the giant ant. The giant ant bites! The giant ant bites! You hit the giant ant. The giant ant bites! The gnome hits! The giant ant bites! You die... Do you want your possessions identified? [ynq] (y) q Inventory: Coins $ - 49 gold pieces Weapons a - a blessed +1 quarterstaff (weapon in hands) Armor b - an uncursed +0 cloak of magic resistance (being worn) Comestibles w - an uncursed fortune cookie s - 2 uncursed lichen corpses Scrolls p - an uncursed scroll of confuse monster i - an uncursed scroll of destroy armor k - a blessed scroll of enchant weapon j - 2 uncursed scrolls of enchant weapon v - a cursed scroll of gold detection z - an uncursed scroll of taming Spellbooks l - a blessed spellbook of force bolt m - an uncursed spellbook of magic missile Potions t - an uncursed potion of blindness f - a blessed potion of confusion h - an uncursed potion of gain energy g - an uncursed potion of healing r - an uncursed potion of oil Rings d - an uncursed ring of polymorph e - an uncursed ring of see invisible Wands c - a wand of fire (0:6) x - a wand of striking (0:2) Tools y - a magic harp (0:3) o - an uncursed wooden flute n - a magic marker (0:21) Mmj the Wizard's attributes: Background: You were a Conjurer, a level 4 female elven Wizard. You were chaotic, nominally on a mission for Anhur who was opposed by Ptah (lawful) and Thoth (neutral). You were right-handed. You were in the Gnomish Mines, on level 4. You entered the dungeon 1143 turns ago. There was a full moon in effect when your adventure ended. You had 150 experience points, 10 more were needed to attain level 5. Basics: You had 0 out of 32 hit points. You had 31 out of 47 energy points (spell power). Your armor class was 9. Your wallet contained 49 zorkmids. Autopickup was on for '$' plus thrown. Final Characteristics: Your strength was 13 (limit:18). Your dexterity was 11 (limit:18). Your constitution was 16 (limit:16). Your intelligence was 20 (limit:20). Your wisdom was 7 (limit:20). Your charisma was 9 (limit:18). Final Status: You weren't hungry. You were unencumbered. You were wielding a quarterstaff. You had basic skill with quarterstaff. Final Attributes: You were devoutly aligned. You were magic-protected. You were sleep resistant. You had infravision. You were warded. You were lucky. You are dead. Miscellaneous: You never encountered a bones level. Total elapsed playing time was 12 minutes and 52 seconds. Major events: Turn 1: mmj the chaotic female elven Wizard entered the dungeon 557: attained the rank of Conjurer (level 3) 993: entered the Gnomish Mines 1143: killed by a giant ant Vanquished creatures: a small mimic 2 gnome leaders 2 dwarves an acid blob a hobbit 6 gnomes 3 jackals a kobold a goblin a sewer rat 2 grid bugs a bat 3 lichens a kobold zombie 2 newts 28 creatures vanquished. No species were genocided or became extinct. Voluntary challenges: You were an atheist. You read items or engraved 2 times. You never engraved Elbereth. You never genocided any monsters. You never polymorphed an object. You never changed form. You used no wishes. Achievements: You entered a shop. You attained the rank of Conjurer. You entered the Gnomish Mines. The Dungeons of Doom: levels 1 to 3 Level 1: Some sinks. Level 2: Stairs down to The Gnomish Mines. Level 3: The Gnomish Mines: levels 3 to 4 Level 3: Level 4: <- You were here. Final resting place for you, killed by a giant ant. Game over: ---------- / \ / REST \ / IN \ / PEACE \ / \ | mmj | | 49 Au | | killed by a | | giant ant | | | | | | 2024 | *| * * * | * _________)/\\_//(\/(/\)/\//\/|_)_______ Goodbye mmj the Wizard... You died in The Gnomish Mines on dungeon level 4 with 795 points, and 49 pieces of gold, after 1143 moves. You were level 4 with a maximum of 32 hit points when you died.